 Dungeon Crawl Stone Soup version 0.18.1-1-g2f07953 (webtiles) character file.

185 Eucla the Vexing (level 5, -1/35 HPs)
             Began as a Human Enchanter on May 8, 2016.
             Slain by a gnoll
             ... wielding a +0 spear
              (8 damage)
             ... on level 3 of the Dungeon.
             The game lasted 00:05:10 (3967 turns).

Eucla the Vexing (Human Enchanter)                  Turns: 3967, Time: 00:05:11

Health: -1/35      AC:  4    Str:  9    XL:     5   Next: 96%
Magic:  1/8        EV: 12    Int: 15    God:
Gold:   82         SH:  0    Dex: 14    Spells: 3 memorised, 0 levels left

rFire  . . .     SeeInvis .     a - +1 dagger
rCold  . . .     Gourm    .     b - +1 robe
rNeg   . . .     Faith    .     (no shield)
rPois  .         Spirit   .     n - +0 helmet
rElec  .         Dismiss  .     (no cloak)
rCorr  .         Reflect  .     (no gloves)
SustAt .         Harm     .     (no boots)
MR     .....                    (no amulet)
Stlth  ++........               (no ring)
                                (no ring)

@: not resistant to hostile enchantments, unstealthy
A: no striking features
a: no special abilities


You were on level 3 of the Dungeon.
You were not hungry.

You visited 1 branch of the dungeon, and saw 3 of its levels.

You collected 82 gold pieces.

Inventory:

Hand Weapons
 a - a +1 dagger (weapon)
Armour
 b - a +1 robe (worn)
 n - a +0 helmet (worn)
Jewellery
 i - an uncursed ring of flight {unknown}
Scrolls
 e - 4 scrolls of identify {unknown}
 f - a scroll of magic mapping {unknown}
 h - a scroll of noise {unknown}
 j - 3 scrolls of remove curse
 l - 2 scrolls of teleportation {unknown}
Potions
 g - 3 potions of flight {unknown}
 k - 2 potions of curing {unknown}
 m - a potion of lignification {unknown}
 q - a potion of agility {unknown}
 r - 3 potions of heal wounds
 s - a potion of haste {unknown}
 u - a potion of might {unknown}
 v - a potion of brilliance {unknown}
Books
 c - a book of Maledictions

   Spells                             Type                      Level
   a - Corona                         Hexes                        1
   b - Ensorcelled Hibernation        Hexes/Ice                    2
   c - Confuse                        Hexes                        3
   d - Tukima's Dance                 Hexes                        3
   e - Dazzling Spray                 Conjuration/Hexes            3
Comestibles
 d - 2 bread rations
 p - a meat ration
 w - 2 chunks of flesh


   Skills:
 + Level 3.7 Short Blades
 - Level 2.0 Dodging
 - Level 3.0 Stealth
 - Level 2.0 Spellcasting
 + Level 4.8 Hexes


You couldn't memorise any spells.
You knew the following spells:

 Your Spells              Type           Power        Failure   Level  Hunger
a - Tukima's Dance        Hex            ###.....     12%         3    ###....
b - Ensorcelled Hibernat  Hex/Ice        #.....       14%         2    ###....
c - Confuse               Hex            ###.....     12%         3    ###....


Dungeon Overview and Level Annotations

Branches:
Dungeon (3/15)

Altars:

Annotations:
D:2 Sigmund
D:3 Grinder


Message History

The jackal bites you but does no damage.
Casting: Ensorcelled Hibernation
Confirm with . or Enter, or press ? or * to list all spells.
Aiming: Ensorcelled Hibernation
Press: ? - help, Shift-Dir - straight line, f - jackal
Aim: a jackal (chance to defeat MR: 78%)
The jackal looks drowsy...
The helpless jackal fails to defend itself.
You impale the jackal!!
You kill the jackal!
The gnoll closely misses you.
An ogre comes into view. It is wielding a giant spiked club.
Read which item? (? for menu, Esc to quit)
As you read the scroll labeled KYIGOO TYACUY, it crumbles to dust.
You feel blessed for a moment.
It was a scroll of remove curse.
The gnoll hits you from afar with a spear!
* * * LOW HITPOINT WARNING * * *
Unknown command.
The gnoll hits you with a spear!
You die...

#.# ..# ###
####################
...................#
≈≈≈≈≈≈≈≈≈≈≈≈≈≈≈...P#
≈≈≈≈≈≈≈≈≈≈≈≈≈≈≈....#
≈≈≈≈≈≈≈≈#####≈≈.@..#
........#g..#≈≈.g..#
#########.g.#≈≈P...#
#+###≈≈....#
#.≈≈≈....#
#.≈≈≈....#
#.≈≈≈....#
#.≈≈≈..P.#
#.≈≈≈....#


You could see a gnoll.

Vanquished Creatures
  A hound (D:3)
  2 adders (D:2)
  4 gnolls (D:3)
  An ooze (D:3)
  A worm (D:2)
  3 dart slugs
  4 giant geckos
  3 giant cockroaches
  10 goblins
  5 hobgoblins (D:2)
  16 jackals
  3 quokkas (D:2)
  A ball python (D:1)
  6 bats
  4 giant newts
  6 kobolds
  6 rats
76 creatures vanquished.

Notes
Turn   | Place    | Note
--------------------------------------------------------------
     0 | D:1      | Eucla the Human Enchanter began the quest for the Orb.
     0 | D:1      | Reached XP level 1. HP: 13/13 MP: 3/3
   301 | D:1      | Reached XP level 2. HP: 5/19 MP: 5/5
   328 | D:1      | Learned a level 2 spell: Ensorcelled Hibernation
   818 | D:2      | Noticed Sigmund
  1130 | D:2      | Reached XP level 3. HP: 15/24 MP: 6/6
  1606 | D:2      | Learned a level 3 spell: Confuse
  1792 | D:2      | Reached XP level 4. HP: 21/30 MP: 1/7
  2090 | D:2      | Reached skill level 4 in Hexes
  3087 | D:3      | Reached XP level 5. HP: 35/35 MP: 8/8
  3143 | D:3      | Noticed Grinder
  3143 | D:3      | Paralysed by Grinder for 7 turns
  3855 | D:3      | Learned a level 3 spell: Tukima's Dance
  3959 | D:3      | Noticed an ogre
  3967 | D:3      | Slain by a gnoll

Skill      XL: |  1  2  3  4 |
---------------+-------------+-----
Short Blades   | 2 3 |  3.7
Hexes          | 4 |  4.8
Dodging        | |  2.0
Stealth        | |  3.0
Spellcasting   | |  2.0

Action                   |  1- 3 |  4- 6 || total
-------------------------+-------+-------++-------
Melee: Dagger            |   108 |   220 ||   328
 Cast: Ensorcelled Hiber |     2 |    13 ||    15
  Use: Scroll            |       |     3 ||     3
       Potion            |       |     1 ||     1
 Stab: Sleeping          |     8 |    11 ||    19
       Distracted        |       |     1 ||     1
  Eat: Chunk             |     2 |     4 ||     6
       Fruit             |     2 |       ||     2
       Beef jerky        |     1 |       ||     1
       Pizza             |       |     1 ||     1
Armor: Robe              |    15 |    98 ||   113
Dodge: Dodged            |    68 |   189 ||   257
